 Dungeon Sprint DCSS version 0.05.32-9-g41400a7998 (webtiles) character file.

Game seed: 4877961096926707202, levelgen mode: deterministic

0 pasperui the Insei (level 1, -9/19 HPs) Oozomorph Transmuter. Began on Oct 17, 2021. Killed from afar by a bog body (19 damage) ... with a bolt of cold ... in the Dungeon (Sprint VII: "The Pits"). The game lasted 00:00:53 (66 turns).

pasperui the Insei (Oozomorph Transmuter)             Turns: 66, Time: 00:00:53

Health: -9/19      AC:  2    Str: 15    XL:     1 ^: 11
Magic:  3/3        EV: 12    Int: 13    God:
Gold:   0          SH:  0    Dex: 13    Spells: 3/4 levels left

rFire    . . .     Vision   .     - Unarmed
rCold    . . .     Gourm    .     - Unarmed
rNeg     . . .     Faith    .   a - +0 robe
rCorr    + + +     Spirit   .   (no armour)
rPois    .         Reflect  .   (no armour)
rElec    .         Harm     .   (no armour)
MR       .....     NoTele   +   (no armour)
Stlth    ..........             (no armour)
HPRegen  0.16/turn              (nothing subsumed)
MPRegen  0.13/turn              (no amulet)
                                (no ring)
                                (no ring)

@: berserking, very slightly contaminated, slowed, invisible
A: cytoplasmic subsumption, amorphous body, gelatinous body 1
a: Subsume Item


You were in the Dungeon.
You were not hungry.

You visited 1 branch

Inventory:

Armour
 a - a +0 robe (worn)
Scrolls
 i - a scroll of blinking
 j - a scroll of bless item
 l - a scroll of summoning
 m - 2 scrolls of vulnerability
Potions
 b - a potion of invisibility
 d - a potion of curing
 e - a potion of heal wounds
 f - a potion of haste
 g - 4 potions of magic
 h - 2 potions of berserk rage
 k - 5 potions of amnesia
Miscellaneous
 n - a crystal ball of energy
Comestibles
 c - 9 rations


   Skills:
 - Level 1.1 Fighting
 - Level 1.5 Dodging
 * Level 3.4 Unarmed Combat
 - Level 2.0 Spellcasting
 - Level 2.6 Transmutations


You had 3 spell levels left.
You knew the following spells:

 Your Spells              Type           Power        Failure   Level  Hunger
a - Beastly Appendage     Tmut           8 (50)       9%          1    14-34

Your spell library contained the following spells:

 Spells                   Type           Power        Failure   Level  Hunger
 Sticks to Snakes Tmut 8 (100) 13% 2 54-94 Scorpion Form Tmut/Pois 4 (200) 41% 3 94-154 Snakes to Sticks Hex/Tmut 4 (100) 41% 3 94-154 Ice Form Ice/Tmut 4 (100) 82% 4 174-274 Blade Hands Tmut           8 (200)      93%         5    294-454


Dungeon Overview and Level Annotations

Branches:
Dungeon (1/1)

Altars:
Ashenzari
Cheibriados
Dithmenos
Elyvilon
Fedhas Madash
Gozag Ym Sagoz
Hepliaklqana
Kikubaaqudgha
Makhleb
Nemelex Xobeh
Okawaru
Qazlal
Ru
Sif Muna
Trog
Uskayaw
Vehumet
Wu Jian
Xom
Yredelemnul
Zin
The Shining One Bahamut & Tiamat
Beogh
Jiyva
Lugonu


Innate Abilities, Weirdness & Mutations

You may subsume any weapon, armour, or jewellery into your cytoplasm to benefit from its magical properties.
Your body is completely amorphous, allowing you to wear any combination of armour.
You have seven amorphous slots; replacing the normal gear slots.
Body armours and bardings take two slots, all other armours take one.
Your gelatinous form is immune to acid, constriction and sticky flames. (rCorr+, Slime)


Message History

You feel as though you will be slow longer.
Things that are here:
a +0 whip; a kobold corpse
There is an open door to the Storerooms (Easy) here.
The bog body hits you (1). The bog body closely misses you (0).
You fade into invisibility!
The bog body barely misses you (0). x2
You are very lightly contaminated with residual magic.
The bog body gestures at you while chanting.
You feel as though you will be slow longer.
A red film seems to cover your vision as you go berserk!
You feel yourself moving faster!
You feel mighty!
The bog body points at you and mumbles some strange words.
You feel as though you will be slow longer.
You hit the bog body (5). You barely miss the bog body.
The bog body is lightly damaged. (31/36) HP The bog body casts a spell at you.
The bolt of cold hits you (19)!!
Ouch! That really hurt!
You die...

############
#_________.#
#_________.#
#________..###########++
##########'##...........
#....')))'.##......#..#
##########.##..........
........)'n@.........
####+#####......#..#.
#........... ####'#####+
#.......# #.......#
#.......# #...<...#
#.......#


You could see a bog body.

Vanquished Creatures
  A kobold (D)
1 creature vanquished.

Notes
Turn   | Place    | Note
-------+----------+-------------------------------------------
     0 | D        | pasperui the Oozomorph Transmuter began the quest for the
                  | Orb.
     0 | D        | Reached XP level 1. HP: 13/13 MP: 3/3
    51 | D        | Found a glowing golden altar of the Shining One.
    51 | D        | Found a glowing silver altar of Zin.
    51 | D        | Found a basalt altar of Yredelemnul.
    51 | D        | Found a shimmering altar of Xom.
    51 | D        | Found an ornate altar of the Wu Jian Council.
    51 | D        | Found a radiant altar of Vehumet.
    51 | D        | Found a shimmering blue altar of Sif Muna.
    51 | D        | Found a sacrificial altar of Ru.
    51 | D        | Found a stormy altar of Qazlal.
    51 | D        | Found an iron altar of Okawaru.
    51 | D        | Found a sparkling altar of Nemelex Xobeh.
    51 | D        | Found a burning altar of Makhleb.
    51 | D        | Found a corrupted altar of Lugonu.
    51 | D        | Found a hazy altar of Hepliaklqana.
    51 | D        | Found an opulent altar of Gozag.
    51 | D        | Found a blossoming altar of Fedhas.
    51 | D        | Found a white marble altar of Elyvilon.
    51 | D        | Found a shadowy altar of Dithmenos.
    51 | D        | Found a snail-covered altar of Cheibriados.
    51 | D        | Found an ornate altar of Bahamut and Tiamat.
    51 | D        | Noticed a bog body
    52 | D        | Found a hide-covered altar of Uskayaw.
    52 | D        | Found an ancient bone altar of Kikubaaqudgha.
    52 | D        | Found a roughly hewn altar of Beogh.
    53 | D        | Found a bloodstained altar of Trog.
    53 | D        | Found a viscous altar of Jiyva.
    53 | D        | Found a shattered altar of Ashenzari.
    66 | D        | Killed from afar by a bog body

Levels and vault maps discovered:
D:        pitsprint [storerooms_1, entrance_room_1, metal_vault_2, armoury_2,
          mini_pit_1, grid_room_1, main_hall_1, silver_pit, the_coven_3,
          the_vestibule_1, steel_vault_4, golden_pit, hallway_of_sentries,
          crystal_vault_4, iron_vault_4, final_vault]

Action                   || total
-------------------------++-------
Melee: Unarmed           ||    24
 Cast: Beastly Appendage ||     1
  Use: Potion            ||     2
Dodge: Dodged            ||    13
